 Dungeon Crawl Stone Soup version 0.32-a0-799-g95e1662365 (webtiles) character file.

Game seed: 2923261509237382333

2799 backslashecho the Skirmisher (level 9, -2/68 HPs)
             Began as a Coglin Hunter on Mar 22, 2024.
             Was a Believer of Okawaru.
             Slain by a wight
             ... wielding a +0 falchion
              (6 damage)
             ... on level 8 of the Dungeon.
             The game lasted 00:08:16 (6700 turns).

backslashecho the Skirmisher (Coglin Hunter)        Turns: 6700, Time: 00:08:16

Health: -2/68      AC:  7    Str: 12    XL:     9   Next: 71%
Magic:  11/11      EV: 19    Int:  9    God:    Okawaru [**....]
Gold:   82         SH:  0    Dex: 21    Spells: 8/8 levels left

rFire   . . .        a - +2 sling {Ishpreet}
rCold   . . .        d - +0 sling {Soledad}
rNeg    . . .        C - +0 steam dragon scales
rPois   .            (no helmet)
rElec   .            o - +0 cloak
rCorr   .            (no gloves)
SInv    .            (no boots)
Will    .....        (amulet unavailable)
Stlth   +++          (ring unavailable)
HPRegen 0.31/turn    (ring unavailable)
MPRegen 0.12/turn    (no gizmo)

%: no passive effects
@: heroic, revving
A: off-hand wielding, slow wielding, warmup strikes, no jewellery
a: Invent Gizmo, Renounce Religion, Heroism


You were on level 8 of the Dungeon.
You worshipped Okawaru.
Okawaru was pleased with you.
You visited 1 branch of the dungeon, and saw 8 of its levels.

You collected 446 gold pieces.
You spent 364 gold pieces at shops.

Inventory:

Hand Weapons
 a - a +2 sling (weapon) {Ishpreet}
 d - a +0 sling (offhand) {Soledad}
Armour
 o - a +0 cloak (worn)
 B - the +0 ring mail of the Eight Knives {+Blink rPois Int+2}
   (You bought it in a shop on level 7 of the Dungeon)

   Int+2:     It affects your intelligence (+2).
   rPois:     It protects you from poison.
   +Blink:    It lets you blink.
 C - +0 steam dragon scales (worn)
Wands
 u - a wand of mindburst (13)
 w - a wand of flame (6)
 y - a wand of acid (1)
Scrolls
 b - a scroll of butterflies
 f - 4 scrolls of fear
 g - 3 scrolls of amnesia {unknown}
 h - 3 scrolls of teleportation {unknown}
 i - a scroll of blinking {unknown}
 k - 3 scrolls of vulnerability {unknown}
 r - a scroll of revelation {unknown}
 v - a scroll of noise {unknown}
Potions
 e - a potion of enlightenment
 j - a potion of might
 m - 2 potions of curing
 n - 2 potions of heal wounds
 p - a potion of lignification
 q - 2 potions of ambrosia
 s - 6 potions of attraction
 t - a potion of brilliance
 x - a potion of cancellation {unknown}
 z - a potion of berserk rage {unknown}
 A - 2 potions of haste


   Skills:
 - Level 5.0(10.0) Fighting
 * Level 9.1(14.1) Ranged Weapons
 + Level 2.0(7.0) Armour
 + Level 6.1(11.1) Dodging
 - Level 0.7(5.7) Stealth
 - Level 3.4 Invocations


You had 8 spell levels left.
You didn't know any spells.
Your spell library contained the following spells:

 Spells                   Type           Power      Damage    Failure   Level
 Ensorcelled Hibernation  Hex/Ice        0%         N/A       52%         2
 Passwall                 Erth           0%         N/A       77%         3
 Swiftness                Air            0%         N/A       77%         3
 Volatile Blastmotes      Fire/Tloc      0%         2d10      77%         3
 Bombard                  Conj/Erth      0%         9d1       100%        6


Dungeon Overview and Level Annotations

Branches:
Dungeon (8/15)             Temple (0/1) D:7
   Lair: D:8-11

Altars:
Ashenzari
Cheibriados
Dithmenos
Makhleb
Okawaru
Qazlal
Trog
Wu Jian
The Shining One

Shops:
D:7 *[   D:8 ?

Annotations:
D:7 1 runed translucent door, Fractals's ghost, novice DrCj
D:8 exclusion: troll


Innate Abilities, Weirdness & Mutations

You can wield a second weapon in your off-hand.
It takes a long time for you to wield or remove held weapons.
Your first few attacks do less damage.
You cannot equip rings or amulets.


Message History

Press: ? - help, Shift-Dir - straight line, f - wight
Aim: a wight, wielding a +5 morningstar and wearing a +0 robe (moderately damaged, covered in acid, 71% to hit)
The bolt of acid hits the wight!
The wight seems to be corroded for longer.
You destroy the wight!
Okawaru accepts your kill.
The bolt of acid misses Joseph.
The bolt of acid hits the wight!
The wight is heavily damaged.
Joseph shoots a sling bullet.
The sling bullet hits you.
* * * LOW HITPOINT WARNING * * *
Your life force feels restored.
Your base Armour skill increases to level 1!
You take 1 damage, and have 19/68 hp.
Joseph unwields a +0 sling.
Joseph wields a +0 quarterstaff.
Joseph completely misses you.
There is an open door here.
Things that are here:
a +5 morningstar; a +0 robe You shoot a sling bullet.
The sling bullet hits Joseph but does no damage.
Joseph is moderately wounded.
You shoot a sling bullet. The sling bullet hits Joseph.
Joseph is moderately wounded.
The wight completely misses you. Joseph hits you with a +0 quarterstaff!
* * * LOW HITPOINT WARNING * * *
You take 8 damage, and have 11/68 hp.
Aiming: Corrosive Bolt
Press: ? - help, Shift-Dir - straight line, f/p - Joseph
Aim: Joseph, wielding a +0 quarterstaff and wearing a +0 leather armour (moderately wounded, 71% to hit)
The bolt of acid hits Joseph!
The acid corrodes Joseph!
Joseph is heavily wounded.
The bolt of acid hits the wight!
The acid corrodes the wight!
You destroy the wight!
Okawaru accepts your kill. Joseph completely misses you.
You shoot a sling bullet. The sling bullet closely misses Joseph.
You shoot a sling bullet. The sling bullet hits Joseph.
Joseph is heavily wounded.
You shoot a sling bullet. The sling bullet hits Joseph.
Joseph is heavily wounded.
You shoot a sling bullet. The sling bullet closely misses Joseph.
Joseph misses you.
You shoot a sling bullet. The sling bullet hits Joseph.
Joseph is heavily wounded.
You shoot a sling bullet. The sling bullet hits Joseph.
Joseph is severely wounded.
Joseph closely misses you.
You shoot a sling bullet. The sling bullet hits Joseph!
Joseph is severely wounded.
You shoot a sling bullet.
The sling bullet completely misses Joseph.
You shoot a sling bullet. The sling bullet hits Joseph!
Joseph is almost dead.
You shoot a sling bullet. The sling bullet hits Joseph.
Joseph is almost dead.
Joseph hits you with a +0 quarterstaff.
* * * LOW HITPOINT WARNING * * *
You take 6 damage, and have 6/68 hp.
You shoot a sling bullet. The sling bullet barely misses Joseph.
You shoot a sling bullet. The sling bullet hits Joseph!
You kill Joseph!
Okawaru is honoured by your kill.
Your base Ranged Weapons skill increases to level 9!
Your base Armour skill increases to level 2!
Your base Dodging skill increases to level 6!
Unknown command.
Things that are here:
a +0 quarterstaff; a +0 sling; a +0 leather armour
There is an open door, spattered with blood here.
Things that are here:
a +5 morningstar; a +0 robe A wight comes into view.
It is wielding a +0 spear.
A wight comes into view. It is wielding a +0 falchion.
You close the door, pushing everything out of the way.
You open the door.
There is an open door, spattered with blood here.
The wight attacks as it pursues you! The wight completely misses you.
Things that are here:
a +0 quarterstaff; a +0 sling; a +0 leather armour MP restored: 11
Things that are here:
a +0 spear; a +0 robe
Aiming: Corrosive Bolt
Press: ? - help, Shift-Dir - straight line, f - wight
Aim: a wight, wielding a +0 falchion and wearing a +0 robe (71% to hit)
The bolt of acid hits the wight.
The wight is lightly damaged.
The bolt of acid hits the wight!
The wight is almost destroyed.
The wight hits you with a +0 falchion.
* * * LOW HITPOINT WARNING * * *
You take 6 damage, and have 4/68 hp.
You shoot a sling bullet. The sling bullet hits the wight.
The wight is lightly damaged.
You shoot a sling bullet.
The sling bullet barely misses the wight.
The sling bullet hits the wight but does no damage.
The wight is almost destroyed.
The wight misses you. The wight hits you with a +0 falchion.
You die...

...............# #.....
............!..# #.....
..z..........# #..... #...#
#[.# ######
#####'####'#############.##
#......#..)+).........#....
#......#..z#..........'....
###...####z##..##.#########
#####...####@##..##.##..##..#
............................#
............................#
.....................[....∩.#
........................<...#
............................#
##############..##########..#
####...######..###... ##..#
#......#.............. #....


You could see 2 wights.

Vanquished Creatures
  Joseph (D:8)
  Eustachio (D:6)
  A steam dragon (D:8)
  2 sky beasts (D:7)
  3 ice beasts
  3 ogres (D:5)
  A phantom (D:7)
  2 scorpions
  8 wights
  4 howler monkeys
  A bombardier beetle (D:4)
  9 hounds
  2 jellies
  Jessica (D:2)
  An orc wizard (D:6)
  Natasha (thrice) (D:2)
  5 iguanas
  3 adders
  3 white imps
  3 ribbon worms
  13 orcs
  3 endoplasms
  2 giant cockroaches
  6 goblins
  2 hobgoblins (D:4)
  3 jackals (D:4)
  3 quokkas
  4 ball pythons
  8 bats
  2 frilled lizards
  6 kobolds
  4 rats
113 creatures vanquished.

Notes
Turn   | Place    | Note
-------+----------+-------------------------------------------
     0 | D:1      | backslashecho the Coglin Hunter began the quest for the
                  | Orb.
     0 | D:1      | Reached XP level 1. HP: 16/16 MP: 1/1
   131 | D:1      | Reached XP level 2. HP: 22/22 MP: 2/2
   816 | D:2      | Noticed Natasha
   819 | D:2      | Killed Natasha
   820 | D:2      | Reached skill level 4 in Ranged Weapons
   820 | D:2      | Reached XP level 3. HP: 28/28 MP: 3/3
   919 | D:2      | Noticed Natasha
   925 | D:2      | Killed Natasha
   926 | D:2      | Reached XP level 4. HP: 34/34 MP: 4/4
  1149 | D:2      | Noticed Natasha
  1159 | D:2      | Killed Natasha
  1315 | D:2      | Reached XP level 5. HP: 41/41 MP: 5/5
  1317 | D:2      | Noticed Jessica
  1320 | D:2      | Killed Jessica
  1335 | D:2      | Found a bloodstained altar of Trog.
  1516 | D:3      | Found a faded altar of an unknown god.
  1624 | D:3      | Found a glowing golden altar of the Shining One.
  1668 | D:3      | Reached skill level 5 in Ranged Weapons
  1867 | D:3      | Found a stormy altar of Qazlal.
  2162 | D:4      | Reached XP level 6. HP: 47/47 MP: 6/6
  2821 | D:5      | Entered Level 5 of the Dungeon
  2865 | D:5      | Reached XP level 7. HP: 54/54 MP: 7/7
  2905 | D:5      | Reached skill level 6 in Ranged Weapons
  2957 | D:5      | Found an iron altar of Okawaru.
  2968 | D:5      | Became a worshipper of Warmaster Okawaru
  3387 | D:5      | Found a broken altar of Ashenzari.
  3387 | D:5      | Found a snail-covered altar of Cheibriados.
  3388 | D:5      | Found an ornate altar of the Wu Jian Council.
  3413 | D:5      | Reached skill level 1 in Invocations
  3465 | D:5      | Noticed a komodo dragon
  3466 | D:5      | Noticed a wyvern
  3812 | D:6      | Reached XP level 8. HP: 53/61 MP: 8/8
  3958 | D:6      | Reached * piety under Okawaru
  4505 | D:6      | Reached skill level 7 in Ranged Weapons
  4627 | D:6      | Noticed Eustachio
  4638 | D:6      | Killed Eustachio
  4639 | D:6      | Reached skill level 5 in Fighting
  4962 | D:7      | Found a burning altar of Makhleb.
  5411 | D:7      | Reached skill level 5 in Dodging
  5463 | D:7      | Found a shadowy altar of Dithmenos.
  5490 | D:7      | Reached ** piety under Okawaru
  5491 | D:7      | Reached skill level 8 in Ranged Weapons
  5491 | D:7      | Reached XP level 9. HP: 25/68 MP: 9/11
  5727 | D:7      | Found a staircase to the Ecumenical Temple.
  6048 | D:7      | Found Xihar's Armour Emporium.
  6065 | D:7      | Found Weunoon's Elemental Accessories.
  6262 | D:7      | Found a runed translucent door.
  6266 | D:7      | Noticed Fractals's ghost (novice DrCj)
  6382 | D:7      | Bought the +0 ring mail of the Eight Knives {+Blink rPois
                  | Int+2} for 316 gold pieces
  6489 | D:8      | Found Fylybocof's Magic Scroll Emporium.
  6518 | D:8      | Bought a scroll of fear for 48 gold pieces
  6542 | D:8      | Noticed a troll
  6578 | D:8      | Noticed Joseph
  6680 | D:8      | Reached skill level 1 in Armour
  6688 | D:8      | Killed Joseph
  6689 | D:8      | Reached skill level 9 in Ranged Weapons
  6700 | D:8      | Slain by a wight

Illustrated notes

Levels and vault maps discovered:
D:1:      amcnicky_arrival_double_pillar, layout_basic, hex_medium,
          minmay_misc_feat_encased, minmay_misc_feat_ornament
D:2:      layout_loops_ring, basic_altar, uniq_natasha, uniq_jessica
D:3:      layout_loops_ring, overflow_temple_1_default,
          mainiacjoe_overflow_surrounded_room, ebering_ecumenical_altar_ruins,
          chequers_serial_rivers_micro_e
D:4:      layout_basic
D:5:      nicolae_cairo_tiling_very_big, layout_cave_pods,
          gammafunk_temple_overflow_claw, okawaru_metal_pillars_1_2,
          serial_column_ruins, column_ruins_square_large,
          column_ruins_open_tiny, column_ruins_open_medium,
          column_ruins_columns_straight, lightli_corner_chamber
D:6:      layout_cave_pods, uniq_eustachio
D:7:      layout_basic, nicolae_dithmenos_shadow_blocks, amcnicky_altar_gilded,
          minmay_temple_entry_gardened_gates, gammafunk_ghost_grave,
          serial_shops, shop, nicolae_elemental_shop
D:8:      layout_gridville, trog_hazing_becter,
          nicolae_hepliaklqana_monster_ancestors, elyvilon_altar_5,
          serial_shops, shop, uniq_joseph, uniq_amaemon

Skill      XL: |  1  2  3  4  5  6  7  8  9 |
---------------+----------------------------+-----
Dodging        | 2 3 4 5 6 |  6.1
Ranged Weapons | 4 5 6 8 9 |  9.1
Fighting       | 3 4 5 |  5.0
Invocations    | 1 2 3 |  3.4
Armour         | 2 |  2.0
Stealth        | |  0.7

Action                     |  1- 3 |  4- 6 |  7- 9 || total
---------------------------+-------+-------+-------++-------
   Fire: Sling             |    78 |   258 |   462 ||   798
 Invoke: Heroism           |       |       |     1 ||     1
  Evoke: Wand              |       |       |     7 ||     7
    Use: Scroll            |       |       |     9 ||     9
 Armour: Leather armour    |    10 |    35 |    55 ||   100
         Steam dragon scal |       |       |    10 ||    10
  Dodge: Dodged            |    12 |    19 |    64 ||    95

Table legend: (Time is in decaauts)
 A = Elapsed time spent in this place.
 B = Non-inter-level travel time spent in this place.
 C = Inter-level travel time spent in this place.
 D = Time resting spent in this place.
 E = Time spent auto-exploring this place.
 F = Levels seen in this place.
 G = Mean time per level.
                   A        B        C        D        E       F      G
               +--------+--------+--------+--------+--------+-----+--------+
         Total |   6745 |   6328 |    417 |    301 |   5182 |   8 |  843.1 |
       Dungeon |   6745 |   6328 |    417 |    301 |   5182 |   8 |  843.1 |
               +--------+--------+--------+--------+--------+-----+--------+

Top non-repeatable levels by time:
     D:7: 1598 daAuts
     D:5: 1100 daAuts
     D:6: 941 daAuts
     D:1: 784 daAuts
     D:2: 744 daAuts
     D:4: 701 daAuts
     D:3: 623 daAuts
     D:8: 251 daAuts
